[Event "Titled Tuesday Blitz July 25 Early 2023"]
[White "Djordjevic, Vuk"]
[Black "Ilkhomi, Jaloliddin"]
[WhiteFideId "902098"]
[BlackFideId "14700948"]
[WhiteElo "2739"]
[BlackElo "2582"]
[Result "1/2-1/2"]
[Round "8"]
[TimeControl "180+2"]
[Date "2023.07.25"]
[WhiteClock "0:00:08"]
[BlackClock "0:00:07"]
[Board "51"]

1. e4 e6 2. d4 d5 3. exd5 exd5 4. Bd3 Bd6 5. Nf3 Ne7 6. O-O O-O 7. Nc3 Nbc6 8. Ne2 Bf5 9. Re1 Qd7 10. Bf4 f6 11. Bxd6 Qxd6 12. Ng3 Bxd3 13. Qxd3 Rae8 14. c3 Ng6 15. Nf5 Qd7 16. g3 a6 17. h4 Nge7 18. Ne3 Nd8 19. Re2 Nf7 20. Rae1 Nd6 21. b3 b5 22. c4 c6 23. a4 Nef5 24. Nxf5 Rxe2 25. Rxe2 Qxf5 26. Qxf5 Nxf5 27. Re6 dxc4 28. bxc4 Rc8 29. cxb5 axb5 30. g4 Nh6 31. g5 fxg5 32. hxg5 Nf5 33. a5 Ra8 34. Rxc6 Rxa5 35. d5 Ra1+ 36. Kg2 Rd1 37. Ne5 g6 38. Rc8+ Kg7 39. Rc7+ Kg8 40. Nd7 Ne7 41. Nf6+ Kf7 42. Rb7 h6 43. gxh6 Kxf6 44. h7 Kg7 45. Rxe7+ Kh8 46. Rd7 b4 47. Rd8+ Kxh7 48. d6 b3 49. d7 b2 50. Rb8 Rxd7 51. Rxb2 Kh6 52. Rb3 Rf7 53. Rb2 Kg7 54. Rb3 Rf5 55. Rb2 Rg5+ 56. Kf3 Kh6 57. Rb3 Rf5+ 58. Ke3 Rh5 59. Ke2 Rh2 60. Re3 Kh5 61. Rg3 g5 62. Re3 g4 63. Rg3 Rh1 64. Re3 Ra1 65. Rg3 Kh4 66. Re3 Kg5 67. Rg3 Kf4 68. Re3 Ra2+ 69. Kf1 Rb2 70. Kg2 Rb4 71. Rg3 Re4 72. Rd3 Kg5 73. Rg3 Kf4 74. Rd3 Re8 75. Rd4+ Kg5 76. Kg3 Ra8 77. Rxg4+ Kf5 78. Rf4+ Kg5 79. Rf3 Ra4 80. Rc3 Rg4+ 81. Kf3 Rf4+ 82. Ke2 Re4+ 83. Re3 Ra4 84. Kf3 Rf4+ 85. Kg2 Rg4+ 86. Kf1 Ra4 87. Rc3 Kf4 88. Kg2 Kf5 89. Rf3+ Kg4 90. Rf8 Ra3 91. Rg8+ Kf4 92. Rh8 Kg4 93. Re8 Kf4 94. Rd8 Ra4 95. Rd3 Kg4 96. Rh3 Ra2 97. Rg3+ Kf4 98. Rc3 Ra4 99. Rb3 Rc4 100. Rh3 Rc2 101. Rh4+ Kg5 102. Rd4 Rc3 103. Re4 Kf5 104. Rd4 Kg5 105. Kf1 Kf5 106. Ke2 Ra3 107. f3 Ke5 108. Re4+ Kf5 109. Kf2 Ra2+ 110. Kg3 Ra1 111. Rh4 Rg1+ 112. Kf2 Ra1 113. Ke3 Ra3+ 114. Kf2 Ra1 115. Rg4 Ra2+ 116. Kg3 Ra1 117. Rf4+ Kg5 118. Rd4 Ra5 119. Rg4+ Kf5 120. Rh4 Ra1 121. Rh5+ Kg6 122. Rb5 Ra4 123. Re5 Kf6 124. Rh5 Kg6 125. Rh8 Kf6 126. f4 Ra3+ 127. Kg4 Ra5 128. Rh6+ Kg7 129. Rd6 Kf7 130. Rc6 Kg7 131. Rc3 Kf7 132. f5 Kf6 133. Rc6+ Kf7 134. Kg5 Ra7 135. Rh6 Kg7 136. f6+ Kg8 137. Kg6 Rg7+ 138. Kf5 Ra7 139. Rh4 Rb7 140. Rc4 Kf7 141. Rc5 Ra7 142. Re5 Rb7 143. Kg5 Ra7 144. Rf5 Rb7 145. Ra5 Rc7 146. Kf5 Rb7 147. Ke5 Rd7 148. Ra6 Rb7 149. Rc6 Rb5+ 150. Ke4 Rb4+ 151. Kd5 Rb1 152. Ke5 Re1+ 153. Kf5 Rf1+ 154. Kg5 Rg1+ 155. Kh4 Rg8 156. Rb6 Kg6 157. Kg4 Rc8 158. Kf4 Kf7 159. Ke5 Rc5+ 160. Kd6 Rf5 161. Kd7 Rd5+ 162. Kc7 Rc5+ 163. Kd7 Rc1 164. Rd6 Re1 165. Kc6 Rc1+ 166. Kd5 Rf1 167. Ke5 Re1+ 168. Kf5 Rf1+ 169. Ke5 Re1+ 170. Kf5 Rf1+ 171. Ke5 1/2-1/2


[Site "https://www.chess.com"]

[Event "Titled Tuesday Blitz July 25 Early 2023"]
[White "Trifan, Andrei Ioan"]
[Black "Mahdavi, Reza"]
[WhiteFideId "12967068"]
[BlackFideId "12595926"]
[WhiteElo "2581"]
[BlackElo "2734"]
[Result "0-1"]
[Round "8"]
[TimeControl "180+2"]
[Date "2023.07.25"]
[WhiteClock "0:00:42"]
[BlackClock "0:01:51"]
[Board "52"]

1. e4 c5 2. Nf3 d6 3. d4 cxd4 4. Nxd4 Nf6 5. Nc3 a6 6. Bg5 e6 7. f4 Be7 8. Qf3 Qc7 9. O-O-O Nbd7 10. f5 Ne5 11. Qh3 O-O 12. fxe6 Nfg4 13. Bh4 fxe6 14. Nf3 Nxf3 15. Bxe7 Nf2 16. Bxd6 Qa5 17. Bxf8 Nxh3 18. gxh3 Kxf8 19. Bc4 Qg5+ 0-1


[Site "https://www.chess.com"]

[Event "Titled Tuesday Blitz July 25 Early 2023"]
[White "Eynullayev, Altay"]
[Black "Timmermans, Mark"]
[WhiteFideId "13413562"]
[BlackFideId "1026399"]
[WhiteElo "2567"]
[BlackElo "2732"]
[Result "0-1"]
[Round "8"]
[TimeControl "180+2"]
[Date "2023.07.25"]
[WhiteClock "0:00:00"]
[BlackClock "0:01:03"]
[Board "53"]

1. e4 e5 2. Nf3 Nc6 3. Bb5 f5 4. d3 fxe4 5. dxe4 Nf6 6. Nbd2 d6 7. c3 Be7 8. O-O O-O 9. h3 Kh8 10. a4 Qe8 11. Re1 Nh5 12. Nf1 Qg6 13. Kh1 Be6 14. Bd3 Rf7 15. b4 Raf8 16. N1h2 Nf4 17. Bxf4 Rxf4 18. a5 Bh4 19. Nxh4 Rxh4 20. f3 Bxh3 21. gxh3 Rxh3 22. Ra2 Qh5 23. Rf1 Nd8 24. Bc4 Rf6 25. Rg2 Ne6 26. Bxe6 Rxe6 27. Qd2 Rh6 28. Rff2 Rxf3 29. Rxf3 Qxf3 30. Qf2 Qxf2 31. Rxf2 Kg8 32. Kg2 Rh4 33. Kf3 Rh3+ 34. Ke2 Rxc3 35. Nf3 h6 36. Nd2 a6 37. Rf3 Rxf3 38. Kxf3 Kf7 39. Nf1 g5 40. Ne3 h5 41. Nd5 c6 42. Nb6 Ke6 43. Nc4 d5 44. Nd2 Kd6 45. Nb3 g4+ 46. Ke3 h4 47. Nc5 h3 48. Kf2 dxe4 49. Nxe4+ Kd5 50. Nf6+ Kc4 51. Nxg4 Kxb4 52. Nxe5 c5 53. Kg3 c4 54. Kxh3 c3 55. Kg3 c2 56. Kf3 Kc3 0-1


[Site "https://www.chess.com"]

[Event "Titled Tuesday Blitz July 25 Early 2023"]
[White "Garv Gaur"]
[Black "NikaVolkov"]
[WhiteFideId "45030839"]
[WhiteElo "2563"]
[BlackElo "2725"]
[Result "1-0"]
[Round "8"]
[TimeControl "180+2"]
[Date "2023.07.25"]
[WhiteClock "0:00:15"]
[BlackClock "0:00:15"]
[Board "54"]

1. e3 d5 2. Nf3 e6 3. b3 Nf6 4. Bb2 c5 5. Bb5+ Nbd7 6. O-O Bd6 7. d4 O-O 8. Bd3 Qc7 9. c4 Ne4 10. Nbd2 f5 11. cxd5 exd5 12. Rc1 b6 13. Qe2 Bb7 14. Rfd1 Rae8 15. dxc5 bxc5 16. Ba6 Ba8 17. b4 c4 18. Nxc4 dxc4 19. Bxc4+ Kh8 20. Bf7 Rxf7 21. Rxc7 Bxc7 22. Qb5 Ree7 23. Qc4 Nf8 24. Nd4 h6 25. b5 f4 26. exf4 Rxf4 27. Nc6 Ref7 28. Ne5 Bxe5 29. Bxe5 Nxf2 30. Bxf4 Nxd1 31. Qxf7 1-0


[Site "https://www.chess.com"]

[Event "Titled Tuesday Blitz July 25 Early 2023"]
[White "Eynullayev, Atilla"]
[Black "Nasuta, Grzegorz"]
[WhiteFideId "13413570"]
[BlackFideId "1141686"]
[WhiteElo "2546"]
[BlackElo "2703"]
[Result "0-1"]
[Round "8"]
[TimeControl "180+2"]
[Date "2023.07.25"]
[WhiteClock "0:00:09"]
[BlackClock "0:00:08"]
[Board "55"]

1. d4 d5 2. c4 e6 3. Nc3 c6 4. Nf3 dxc4 5. a4 Bb4 6. e3 b5 7. Bd2 a5 8. axb5 Bxc3 9. Bxc3 cxb5 10. b3 Bb7 11. bxc4 b4 12. Bb2 Nf6 13. Be2 O-O 14. O-O Nbd7 15. Nd2 Qc7 16. f4 Bc6 17. Qb1 a4 18. d5 exd5 19. Bxf6 Nxf6 20. Qxb4 dxc4 21. Qxc4 Qb6 22. Ra3 Rfe8 23. Kf2 Bd5 24. Qd4 Qxd4 25. exd4 Bxg2 26. Bb5 Bxf1 27. Bxe8 Nxe8 28. Kxf1 Nd6 29. Nf3 Nb5 30. Ra1 a3 31. Ke1 Kf8 32. Kd2 Ke7 33. Kd3 Kf6 34. Kc4 Nd6+ 35. Kd5 Nf5 36. Ra2 h6 37. Ne5 Ne3+ 38. Ke4 Nd1 39. Kd3 Nb2+ 40. Ke4 Ke6 41. f5+ Kf6 42. h4 Ke7 43. h5 Kf6 44. Ng4+ Ke7 45. Ne5 f6 46. Nc6+ Kd6 47. Nb4 Nc4 48. Nc2 Nb6 49. Rxa3 Re8+ 50. Kf4 Nd5+ 51. Kf3 Rc8 52. Ra6+ Kd7 53. Ne1 Rc3+ 54. Ke4 Ne7 55. Ra7+ Kd6 56. Nd3 Rc2 57. Ra6+ Kc7 58. Re6 Kd8 59. Rd6+ Ke8 60. Re6 Kf7 61. Ra6 Re2+ 62. Kf4 Nd5+ 63. Kg4 Re4+ 64. Kf3 Re3+ 65. Kf2 Rxd3 66. Ra7+ Kf8 67. Ra8+ Kf7 68. Ra7+ Ne7 69. Ra4 Nxf5 70. Ke2 Rxd4 71. Ra7+ Ne7 72. Ra5 Rd5 73. Ra6 Rxh5 74. Ke3 Re5+ 0-1


[Site "https://www.chess.com"]

[Event "Titled Tuesday Blitz July 25 Early 2023"]
[White "Salman, Pavel"]
[Black "Weetik, Vjacheslav"]
[WhiteFideId "24153753"]
[BlackFideId "4153472"]
[WhiteElo "2510"]
[BlackElo "2688"]
[Result "1-0"]
[Round "8"]
[TimeControl "180+2"]
[Date "2023.07.25"]
[WhiteClock "0:00:22"]
[BlackClock "0:00:00"]
[Board "56"]

1. d4 Nf6 2. Nc3 d5 3. Bf4 c5 4. e4 Nxe4 5. Nxe4 dxe4 6. dxc5 Qa5+ 7. c3 Qxc5 8. Qa4+ Nc6 9. Qxe4 g6 10. Qc4 Qb6 11. Qb5 Bg7 12. Qxb6 axb6 13. Bb5 Be6 14. a4 O-O 15. Nf3 Na5 16. O-O Rfc8 17. Rfe1 Nb3 18. Ra3 Nc5 19. h3 h6 20. Be5 Bf8 21. Nd4 Bd7 22. Bxd7 Nxd7 23. Nb5 Nc5 24. Bd4 Nd3 25. Re2 e5 26. Bxb6 Bxa3 27. Nxa3 Rxa4 28. Nb5 f6 29. b4 Ra1+ 30. Kh2 Rca8 31. Ba5 b6 32. Bxb6 R8a2 33. Rxa2 Rxa2 34. Kg3 f5 35. h4 e4 36. Be3 Kg7 37. Nd4 Ra3 38. b5 Kh7 39. b6 1-0


[Site "https://www.chess.com"]

[Event "Titled Tuesday Blitz July 25 Early 2023"]
[White "Mohammad Fahad, Rahman"]
[Black "Attacker_2006"]
[WhiteFideId "10207791"]
[WhiteElo "2681"]
[BlackElo "2441"]
[Result "0-1"]
[Round "8"]
[TimeControl "180+2"]
[Date "2023.07.25"]
[WhiteClock "0:00:04"]
[BlackClock "0:00:03"]
[Board "57"]

1. d4 Nf6 2. c4 e6 3. Nf3 d5 4. Nc3 Bb4 5. Bg5 dxc4 6. e4 c5 7. d5 exd5 8. e5 Be6 9. exf6 gxf6 10. Bd2 Nc6 11. a3 Ba5 12. Ne2 Bc7 13. Nf4 Qe7 14. Nxe6 Qxe6+ 15. Qe2 O-O-O 16. O-O-O b5 17. Re1 Qd7 18. Qd1 a5 19. g3 b4 20. h4 Kb8 21. Qa4 Nd4 22. Qxd7 Nb3+ 23. Kc2 Rxd7 24. Bh3 Rdd8 25. axb4 axb4 26. Bh6 d4 27. Bg7 d3+ 28. Kb1 c3 29. Bxf6 c2+ 30. Ka2 c4 31. Re4 d2 32. Nxd2 Nxd2 33. Rg4 b3+ 34. Ka3 Kb7 35. Bc3 Bd6+ 36. Ka4 Nb1 37. Bd4 Ra8+ 38. Kb5 Nd2 39. Bg2+ Kc7 40. Bxa8 Rb8+ 41. Ka4 Rxa8+ 42. Kb5 Rb8+ 43. Ka5 Bb4+ 44. Ka4 Bd6 45. Rg7 Kc6 46. Rxf7 Ra8+ 47. Ra7 Re8 48. Ra6+ Kd5 49. Be3 Ne4 50. Ra5+ Kc6 51. Ra6+ Kc7 52. Bb6+ Kb7 53. Ra5 Kxb6 54. Rd5 Ra8+ 55. Ra5 Rxa5# 0-1


[Site "https://www.chess.com"]

[Event "Titled Tuesday Blitz July 25 Early 2023"]
[White "Eggleston, Thomas A"]
[Black "Haug, Havard"]
[WhiteFideId "412139"]
[BlackFideId "1547887"]
[WhiteElo "2423"]
[BlackElo "2659"]
[Result "0-1"]
[Round "8"]
[TimeControl "180+2"]
[Date "2023.07.25"]
[WhiteClock "0:00:00"]
[BlackClock "0:00:59"]
[Board "58"]

1. e4 c6 2. Nf3 d5 3. Nc3 dxe4 4. Nxe4 Nf6 5. Nxf6+ exf6 6. d4 Bd6 7. Bc4 O-O 8. O-O Re8 9. h3 Nd7 10. Bb3 Nf8 11. c4 Be6 12. Be3 Qc8 13. d5 cxd5 14. cxd5 Bxh3 15. Rc1 Qg4 16. Ne1 Qh4 17. Qf3 Bg4 18. g3 Qh5 19. Qg2 Be2 20. Rc4 Bxc4 21. Bxc4 Rac8 22. Bd3 Ng6 23. Nf3 Ne5 24. Nxe5 Bxe5 25. g4 Qh4 26. f4 Bc7 27. Bf2 Bb6 28. Bxb6 axb6 29. Bf5 Rcd8 30. Rd1 Re1+ 31. Rxe1 Qxe1+ 32. Kh2 Qe3 33. Be4 Qxf4+ 34. Kh1 Re8 35. d6 Qxe4 36. d7 Qxg2+ 37. Kxg2 Rd8 0-1


[Site "https://www.chess.com"]

[Event "Titled Tuesday Blitz July 25 Early 2023"]
[White "Ibarra Jerez, Jose Carlos"]
[Black "Tokman, Ariel"]
[WhiteFideId "2226332"]
[BlackFideId "117420"]
[WhiteElo "2915"]
[BlackElo "2526"]
[Result "1-0"]
[Round "8"]
[TimeControl "180+2"]
[Date "2023.07.25"]
[WhiteClock "0:00:06"]
[BlackClock "0:00:00"]
[Board "59"]

1. d4 d5 2. Bf4 c6 3. e3 Nf6 4. Bd3 Bg4 5. f3 Bh5 6. c4 e6 7. Qb3 Qb6 8. c5 Qxb3 9. axb3 a6 10. b4 Bg6 11. Be2 Bxb1 12. Rxb1 Nbd7 13. g4 Be7 14. Bd3 O-O 15. Ne2 Ne8 16. Nc1 Bd8 17. Bg3 Nc7 18. Nb3 Nb5 19. Ke2 Re8 20. Kd2 e5 21. Bf5 Re7 22. Bxd7 Rxd7 23. dxe5 f6 24. Nd4 fxe5 25. Bxe5 Re7 26. f4 Bc7 27. Nf5 Rd7 28. Bd4 Nxd4 29. Nxd4 Re8 30. Rbe1 Re4 31. Rhf1 Rde7 32. h3 Re8 33. Re2 Bd8 34. g5 Bc7 35. Kd3 Kf7 36. Rf3 Kg6 37. Rg2 Kf7 38. h4 Bd8 39. h5 Bc7 40. Rfg3 Kg8 41. g6 h6 42. Rf3 Bd8 43. b3 Bf6 44. Nc2 Rf8 45. Rh3 Rfe8 46. Rh1 R8e7 47. Rd1 Re8 48. Rf2 Rf8 49. Ke2 Bh4 50. Rf3 Rf5 51. Rd4 Re8 52. Rh3 Bf6 53. Kd3 Bxd4 54. Nxd4 Rf6 55. f5 Kf8 56. Ne6+ Rexe6 57. fxe6 Ke7 58. e4 Kxe6 59. Re3 dxe4+ 60. Rxe4+ Kd7 61. Rd4+ Ke7 62. Re4+ Kd7 63. Kd4 Rf5 64. Rh4 Rg5 65. Rh1 Rg4+ 66. Kc3 Rg3+ 67. Kb2 Rg4 68. Ka3 Rg5 69. Ka4 Kc7 70. Rf1 Rxh5 71. Rf7+ Kb8 72. Ka5 Ka7 73. Rxg7 Rg5 74. b5 axb5 75. Kb4 Rg4+ 76. Kc3 Rg5 77. Kd4 h5 78. Ke4 h4 79. Kf4 Rg1 80. Kf5 Rf1+ 81. Ke6 h3 82. Rh7 Rg1 83. Kf6 Rf1+ 84. Ke6 Rg1 85. Kf7 Ka6 86. Rxh3 Rg5 87. Rf3 Rxc5 88. Rg3 1-0


[Site "https://www.chess.com"]

[Event "Titled Tuesday Blitz July 25 Early 2023"]
[White "Jaskolka, Tomasz"]
[Black "Aravindh, Chithambaram VR."]
[WhiteFideId "1170791"]
[BlackFideId "5072786"]
[WhiteElo "2526"]
[BlackElo "2906"]
[Result "1/2-1/2"]
[Round "8"]
[TimeControl "180+2"]
[Date "2023.07.25"]
[WhiteClock "0:00:02"]
[BlackClock "0:00:05"]
[Board "60"]

1. e4 f5 2. exf5 Nf6 3. Nf3 d6 4. d4 Bxf5 5. Nc3 g6 6. Bd3 Bg4 7. h3 Bxf3 8. Qxf3 Nc6 9. Bb5 Bg7 10. d5 a6 11. dxc6 axb5 12. cxb7 Rb8 13. Nxb5 O-O 14. Nd4 Qd7 15. O-O c5 16. Qb3+ d5 17. Nf3 Rxb7 18. Qd3 c4 19. Qe2 Ne4 20. a4 Bxb2 21. Bxb2 Rxb2 22. Rfd1 Qf5 23. Nd4 Qf6 24. Qe3 Nxf2 25. Rf1 Ra2 26. Rxa2 Nxh3+ 27. Kh2 Qxf1 28. Kxh3 Rf4 29. Qe6+ Kg7 30. Qxe7+ Kh6 31. Ne6 Qh1+ 32. Kg3 Rg4+ 33. Kxg4 Qxg2+ 34. Kf4 Qe4+ 35. Kg3 Qe3+ 36. Kg4 Qe4+ 37. Kg3 Qe3+ 38. Kg2 Qe2+ 39. Kh3 Qf3+ 40. Kh2 Qf2+ 41. Kh3 Qf3+ 42. Kh4 Qe4+ 43. Kg3 1/2-1/2


[Site "https://www.chess.com"]

[Event "Titled Tuesday Blitz July 25 Early 2023"]
[White "only_strong_moves"]
[Black "Oro, Faustino"]
[BlackFideId "20000197"]
[WhiteElo "2526"]
[BlackElo "2832"]
[Result "0-1"]
[Round "8"]
[TimeControl "180+2"]
[Date "2023.07.25"]
[WhiteClock "0:00:04"]
[BlackClock "0:00:13"]
[Board "61"]

1. d4 Nf6 2. Nc3 d5 3. Bf4 c5 4. e4 Nxe4 5. Nxe4 dxe4 6. dxc5 Qa5+ 7. Qd2 Qxc5 8. O-O-O Nc6 9. Ne2 Bg4 10. h3 Rd8 11. Qe1 Rxd1+ 12. Qxd1 Bh5 13. g4 Bg6 14. Be3 Qa5 15. Nc3 e6 16. h4 h6 17. h5 Bh7 18. Bg2 Bb4 19. Nxe4 Bxe4 20. Bxe4 Qxa2 21. c3 Be7 22. g5 Qa1+ 23. Bb1 hxg5 24. Qb3 Qa6 25. Qc2 Bf6 26. Qe4 Qb5 27. Qf3 Ne5 28. Qe4 Nc4 29. b4 Bxc3 30. Bd3 Qd5 31. Qxd5 exd5 32. Bxg5 Bxb4 33. Rd1 Rxh5 34. f4 Rh2 35. Bxc4 f6 36. Bb5+ Kf7 37. Rxd5 fxg5 38. fxg5 Be7 39. Bc4 Kg6 40. Bd3+ Kh5 41. g6+ Bg5+ 42. Kd1 Rd2+ 43. Ke1 Rb2 44. Rd7 Bf6 45. Rd5+ Kg4 46. Rd7 a5 47. Be4 b5 48. Bd5 a4 49. Rd6 Bc3+ 50. Kd1 a3 51. Kc1 a2 52. Ra6 Rb1+ 53. Kc2 a1=Q 54. Rxa1 Rxa1 55. Kxc3 Rb1 56. Bf7 Kg5 57. Kd4 Rf1 58. Ke5 Rf6 59. Kd4 Rxg6 60. Bxg6 Kxg6 61. Kc5 Kf5 62. Kxb5 g5 63. Kc4 Ke4 0-1


[Site "https://www.chess.com"]

[Event "Titled Tuesday Blitz July 25 Early 2023"]
[White "Gharibyan, Mamikon"]
[Black "Khamdamova, Afruza"]
[WhiteFideId "13308300"]
[BlackFideId "14210444"]
[WhiteElo "2787"]
[BlackElo "2519"]
[Result "1/2-1/2"]
[Round "8"]
[TimeControl "180+2"]
[Date "2023.07.25"]
[WhiteClock "0:00:03"]
[BlackClock "0:00:02"]
[Board "62"]

1. e4 e5 2. Nf3 Nc6 3. Bb5 a6 4. Ba4 Nf6 5. d3 b5 6. Bb3 Be7 7. a4 Bb7 8. Nc3 b4 9. Nd5 O-O 10. a5 Nd4 11. Nxe7+ Qxe7 12. Nxd4 exd4 13. O-O h6 14. Re1 Rfe8 15. e5 Nd5 16. Qg4 Qe6 17. Qxd4 d6 18. Bd2 dxe5 19. Qc5 Rad8 20. Bxd5 Bxd5 21. f3 b3 22. cxb3 Bxb3 23. Bc3 f6 24. d4 Qd6 25. Qa3 Qxa3 26. Rxa3 exd4 27. Rxe8+ Rxe8 28. Rxb3 dxc3 29. Rxc3 Re5 30. b4 Rb5 31. Rxc7 Rxb4 32. Rc6 Kh7 33. Rxa6 Rb2 34. Rc6 Ra2 35. a6 h5 36. h4 Kg6 37. Kh2 Kf5 38. Kh3 g6 39. g4+ hxg4+ 40. fxg4+ Ke5 41. h5 gxh5 42. gxh5 Kf5 43. Rc5+ Kf4 44. Rc6 Kg5 45. Kg3 Ra3+ 46. Kf2 Kxh5 47. Ke2 Kg5 48. Kd2 f5 49. Kc2 f4 50. Kb2 Ra5 51. Kb3 f3 52. Kb4 Ra1 53. Rc5+ Kg4 54. Rc4+ Kg3 55. Rc6 f2 56. Rg6+ Kf3 57. Rf6+ Ke3 58. Kb5 Rb1+ 59. Kc6 Ra1 60. Kb7 Rb1+ 61. Kc7 f1=Q 62. Rxf1 Rxf1 63. a7 Rf7+ 64. Kb8 Rxa7 65. Kxa7 1/2-1/2


[Site "https://www.chess.com"]

[Event "Titled Tuesday Blitz July 25 Early 2023"]
[White "Hambleton, Aman"]
[Black "Kaplan, Avi Harrison"]
[WhiteFideId "2606577"]
[BlackFideId "30934559"]
[WhiteElo "2779"]
[BlackElo "2514"]
[Result "1/2-1/2"]
[Round "8"]
[TimeControl "180+2"]
[Date "2023.07.25"]
[WhiteClock "0:00:05"]
[BlackClock "0:00:02"]
[Board "63"]

1. d4 Nf6 2. Bf4 b5 3. e3 Bb7 4. Nf3 a6 5. c3 e6 6. h3 c5 7. Bd3 d6 8. O-O Nbd7 9. a4 c4 10. Bc2 Be7 11. Nbd2 O-O 12. e4 Qc7 13. e5 Nd5 14. exd6 Bxd6 15. Bxd6 Qxd6 16. Ne4 Qc7 17. axb5 axb5 18. Qd2 h6 19. Rfe1 N7f6 20. Nc5 Rxa1 21. Rxa1 Ra8 22. Qd1 Bc6 23. Rxa8+ Bxa8 24. Qa1 Bc6 25. Ne5 Nf4 26. f3 N6d5 27. Qa6 Ne3 28. Bb1 Be8 29. Qa8 Kf8 30. Qe4 Nexg2 31. Qh7 Nh4 32. Qh8+ Ke7 33. Qxg7 Nxh3+ 34. Kh2 Ng5 35. Qxh6 Nhxf3+ 36. Kg2 Bc6 37. Kf2 Nxe5 38. Qxg5+ f6 39. Qg7+ Nf7 40. Bg6 Qf4+ 41. Ke1 Qe3+ 42. Kf1 Qc1+ 43. Kf2 Qxb2+ 44. Ke1 Qxc3+ 45. Ke2 Qf3+ 46. Ke1 Qe3+ 47. Kf1 Qf4+ 48. Ke1 Qe3+ 49. Kf1 Qf3+ 50. Ke1 Qc3+ 51. Kf1 Qc1+ 52. Ke2 Qb2+ 53. Ke1 Qc3+ 1/2-1/2


[Site "https://www.chess.com"]

[Event "Titled Tuesday Blitz July 25 Early 2023"]
[White "Koutlas, Nikolaos"]
[Black "Nenezic, Marko"]
[WhiteFideId "25827138"]
[BlackFideId "912123"]
[WhiteElo "2511"]
[BlackElo "2776"]
[Result "0-1"]
[Round "8"]
[TimeControl "180+2"]
[Date "2023.07.25"]
[WhiteClock "0:00:00"]
[BlackClock "0:00:06"]
[Board "64"]

1. Nf3 Nf6 2. g3 c5 3. Bg2 Nc6 4. O-O e5 5. d3 d5 6. e4 d4 7. a4 Be7 8. Na3 Bg4 9. h3 Bh5 10. g4 Bg6 11. Nc4 Nd7 12. c3 h5 13. g5 h4 14. b4 Bh5 15. b5 Na5 16. cxd4 cxd4 17. Nxa5 Qxa5 18. Qb3 Qd8 19. Nxh4 Be2 20. Nf5 Bxf1 21. Kxf1 g6 22. Nh6 Rh7 23. h4 Nc5 24. Qc4 Rc8 25. Ba3 Nxe4 26. Qa2 Nc3 27. Qb3 Bxg5 28. hxg5 Qxg5 29. Re1 Rxh6 30. Bd6 Rh5 31. Bxb7 Rc5 32. Bxc5 Qf5 33. Qc4 Rh2 34. Bc6+ Kd8 35. Be7+ Kxe7 36. Qc5+ Kf6 37. Qd6+ Qe6 38. Qd8+ Kg7 39. Qg5 Rh5 40. Qg4 Qf6 41. Qg3 Rf5 42. Rc1 Rf4 43. Be4 Nxa4 0-1


[Site "https://www.chess.com"]

[Event "Titled Tuesday Blitz July 25 Early 2023"]
[White "Kuznetsova, Olga"]
[Black "Tsaruk, Maksim"]
[WhiteFideId "4191323"]
[BlackFideId "13511173"]
[WhiteElo "2511"]
[BlackElo "2775"]
[Result "0-1"]
[Round "8"]
[TimeControl "180+2"]
[Date "2023.07.25"]
[WhiteClock "0:00:47"]
[BlackClock "0:00:06"]
[Board "65"]

1. d4 f5 2. Bf4 Nf6 3. e3 g6 4. Nd2 Bg7 5. h4 d6 6. Be2 h6 7. c3 Nc6 8. Qb3 e5 9. Bg3 Qe7 10. Ngf3 e4 11. Ng1 Bd7 12. Qxb7 O-O 13. Qxc7 Ne8 14. Qb7 Rb8 15. Qa6 Rxb2 16. Bc4+ Kh7 17. Bb3 f4 18. Bxf4 Rxf4 19. exf4 e3 20. fxe3 Qxe3+ 21. Qe2 Qxc3 22. Nf3 Rxd2 23. Qxd2 Qxa1+ 24. Qd1 Qxd1+ 25. Kxd1 Nxd4 26. Ng5+ Kh8 27. Nf7+ Kg8 28. Nxh6+ Kf8 29. h5 Nxb3 30. hxg6 Nd4 31. g4 Bxh6 32. Rxh6 Bxg4+ 33. Kd2 Nf6 34. Rh8+ Kg7 35. Ra8 Nc6 36. Ke3 Kxg6 37. a3 Bd7 38. Kf2 Kf5 39. Kg3 Ne4+ 40. Kf3 d5 41. Ke3 Nf6 42. Rf8 d4+ 43. Kd3 Be6 44. a4 a5 45. Kd2 Bb3 46. Rb8 Nxb8 47. Kd3 Nc6 48. Kd2 Ke4 49. Kc1 Kd3 50. Kb2 Bxa4 51. Ka3 Bc2 52. Kb2 Nd5 53. Kc1 Kc3 54. f5 d3 55. f6 d2# 0-1


[Site "https://www.chess.com"]

[Event "Titled Tuesday Blitz July 25 Early 2023"]
[White "Schlecht, Daniel, Dr."]
[Black "Schnaider, Ilan"]
[WhiteFideId "4623959"]
[BlackFideId "169013"]
[WhiteElo "2510"]
[BlackElo "2752"]
[Result "0-1"]
[Round "8"]
[TimeControl "180+2"]
[Date "2023.07.25"]
[WhiteClock "0:00:58"]
[BlackClock "0:01:56"]
[Board "66"]

1. Nf3 Nf6 2. d4 g6 3. Bg5 Ne4 4. Bf4 d5 5. Nbd2 Bg7 6. e3 c5 7. c3 cxd4 8. exd4 O-O 9. Be2 Nc6 10. O-O Re8 11. Re1 Qb6 12. Qb3 Bf5 13. h3 e5 14. dxe5 Qxf2+ 15. Kh2 Bxe5 16. Bxe5 Nxe5 17. Qxd5 Bxh3 18. Bf1 Ng4+ 0-1


[Site "https://www.chess.com"]

[Event "Titled Tuesday Blitz July 25 Early 2023"]
[White "Turzo, Attila"]
[Black "Atakhan, Abtin"]
[WhiteFideId "704954"]
[BlackFideId "22502203"]
[WhiteElo "2509"]
[BlackElo "2744"]
[Result "0-1"]
[Round "8"]
[TimeControl "180+2"]
[Date "2023.07.25"]
[WhiteClock "0:00:00"]
[BlackClock "0:00:38"]
[Board "67"]

1. d4 d5 2. c4 c6 3. Nc3 Nf6 4. e3 a6 5. Qc2 g6 6. Bd3 dxc4 7. Bxc4 b5 8. Be2 Bg7 9. Nf3 Bb7 10. O-O Nbd7 11. e4 Rc8 12. e5 Nd5 13. Nxd5 cxd5 14. Qd3 Nb6 15. b3 O-O 16. Ba3 Bh6 17. Bc5 Nd7 18. b4 f6 19. exf6 Rxf6 20. Rae1 Nxc5 21. dxc5 Qc7 22. Bd1 Rcf8 23. g3 Bg7 24. Re3 e6 25. Bb3 Kh8 26. Rfe1 d4 27. Nxd4 Rxf2 28. R3e2 Qf7 29. c6 Ba8 30. Qe3 Rf1+ 31. Kg2 Qf6 0-1


[Site "https://www.chess.com"]

[Event "Titled Tuesday Blitz July 25 Early 2023"]
[White "Taboas Rodriguez, Daniel"]
[Black "Bryakin, Mikhail"]
[WhiteFideId "2208466"]
[BlackFideId "4165314"]
[WhiteElo "2501"]
[BlackElo "2728"]
[Result "0-1"]
[Round "8"]
[TimeControl "180+2"]
[Date "2023.07.25"]
[WhiteClock "0:00:06"]
[BlackClock "0:01:34"]
[Board "68"]

1. d4 Nf6 2. Nf3 d6 3. c4 g6 4. Nc3 Bg7 5. e4 O-O 6. Be2 c5 7. d5 e6 8. O-O exd5 9. exd5 Bg4 10. h3 Bxf3 11. Bxf3 Nbd7 12. Bf4 Ne5 13. Be2 Nfd7 14. Qd2 f5 15. Be3 a6 16. f4 Nf7 17. Bf2 Re8 18. Rfe1 Qa5 19. Bd3 Bd4 20. Re6 Nf8 21. Ree1 b5 22. Rxe8 Rxe8 23. Re1 Rxe1+ 24. Qxe1 Bxf2+ 25. Kxf2 b4 26. Ne2 Qxa2 27. Qc1 a5 28. Bb1 Qa1 29. b3 a4 30. bxa4 Qxa4 31. g4 fxg4 32. hxg4 Qa1 33. f5 Ne5 34. fxg6 hxg6 35. g5 Nxc4 36. Nf4 Qd4+ 37. Kg3 Ne5 38. Qe1 b3 39. Qa5 Qe3+ 0-1


[Site "https://www.chess.com"]

[Event "Titled Tuesday Blitz July 25 Early 2023"]
[White "MateoReyes"]
[Black "Amilal Munkhdalai"]
[BlackFideId "4903250"]
[WhiteElo "2499"]
[BlackElo "2719"]
[Result "0-1"]
[Round "8"]
[TimeControl "180+2"]
[Date "2023.07.25"]
[WhiteClock "0:00:00"]
[BlackClock "0:00:14"]
[Board "69"]

1. Nf3 Nf6 2. d4 d5 3. c4 e6 4. Nc3 dxc4 5. e3 a6 6. Bxc4 b5 7. Be2 Bb7 8. O-O Nbd7 9. a3 c5 10. b3 Qb6 11. Bb2 Be7 12. dxc5 Nxc5 13. b4 Ncd7 14. Nd4 O-O 15. Bf3 Ne5 16. Bxb7 Qxb7 17. Ra2 Rfd8 18. Qe2 Rac8 19. Ba1 Nc4 20. Rd1 Bf8 21. h3 e5 22. Nf5 g6 23. Ng3 h5 24. Qf3 Qxf3 25. gxf3 Rxd1+ 26. Nxd1 h4 27. Ne4 Nxe4 28. fxe4 Nd6 29. Nc3 Rc4 30. f3 Bh6 31. Nd5 Rc1+ 32. Kf2 Nc4 33. a4 bxa4 34. Rxa4 Rc2+ 35. Kg1 Nd2 36. Kf2 Nb3+ 37. Ke1 Rc1+ 38. Ke2 Nxa1 39. Rxa6 Rh1 40. b5 Nb3 41. b6 Nc5 42. Ra5 Rh2+ 43. Kd1 Bf8 44. Rb5 Nb7 45. Rb3 Rxh3 46. Nf6+ Kg7 47. Nd7 Rxf3 48. Nxe5 Rf6 49. Nd7 Rd6+ 50. Ke2 Rxd7 51. Kf3 Nc5 52. Rb5 Rb7 53. e5 Ne6 54. Ke4 Bc5 55. Kd5 Rxb6 56. Ra5 h3 57. Ra2 Rb3 58. Rh2 Rxe3 0-1


[Site "https://www.chess.com"]